 Dungeon Crawl Stone Soup version 0.28.0-53-g5a82cb258f (webtiles) character file.

Game seed: 8478562188945213901

96741 KamiKatze the Destroyer (level 16, -16/104 HPs)
             Began as an Octopode Conjurer on May 21, 2022.
             Was the Champion of Vehumet.
             Hit by a silver javelin thrown by a minotaur (37 damage)
             ... in a Gauntlet on May 22, 2022.
             The game lasted 02:56:39 (31459 turns).

KamiKatze the Destroyer (Octopode Conjurer)        Turns: 31459, Time: 02:56:40

Health: -16/104    AC:  2    Str:  6    XL:     16   Next: 17%
Magic:  29/41      EV: 13    Int: 40    God:    Vehumet [******]
Gold:   1246       SH:  4    Dex:  8    Spells: 4/39 levels left

rFire   . . .      SeeInvis +   l - +4 rapier of Ciad {flame, rElec rC- Int+8 Dex-3}
rCold   . . .      Faith    .   N - +0 buckler
rNeg    + . .      Spirit   .   L - +1 hat
rPois   .          Reflect  .   B - amulet of regeneration
rElec   +          Harm     .   g - ring of flight
rCorr   .          Rampage  .   t - ring of positive energy
Will    ++...      NoTele   +   E - ring of magical power
Stlth   +++++.....              I - ring of willpower
HPRegen 1.07/turn               J - ring "Alezxaug" {rC+ Int+4}
MPRegen 0.27/turn               S - ring of see invisible
                                (no ring)
                                (no ring)

@: flying
A: almost no armour, amphibious, 8 rings, camouflage 1, gelatinous body 1,
(nimble swimmer 1), tentacles
a: Renounce Religion


You were in a Gauntlet.
You worshipped Vehumet.
Vehumet was exalted by your worship.
You visited 4 branches of the dungeon, and saw 24 of its levels.
You also visited: Bailey and Gauntlet.

You collected 3466 gold pieces.
You spent 2220 gold pieces at shops.

Inventory:

Hand Weapons
 b - a +3 dagger of venom
 h - the +8 rapier of Pestilence {venom, rC++ Int+3}
   (You found it on level 2 of the Dungeon)

   It poisons the flesh of those it strikes.
   Int:       It affects your intelligence (+3).
   rC:        It greatly protects you from cold.
 l - the +4 rapier of Ciad (weapon) {flame, rElec rC- Int+8 Dex-3}
   (You found it on level 7 of the Dungeon)

   It burns those it strikes, dealing additional fire damage.
   Int:       It affects your intelligence (+8).
   Dex:       It affects your dexterity (-3).
   rC:        It makes you vulnerable to cold.
   rElec:     It insulates you from electricity.
Missiles
 a - 133 stones (quivered)
 k - 39 poisoned darts
 q - 21 curare-tipped darts
 s - 16 atropa-tipped darts
 w - 2 datura-tipped darts
 R - a throwing net
Armour
 L - a +1 hat (worn)
 N - a +0 buckler (worn)
Magical Staves
 v - a staff of poison
 x - a staff of fire
Jewellery
 g - a ring of flight (left tentacle)
 t - a ring of positive energy (right tentacle)
 B - an amulet of regeneration (around mantle)
 E - a ring of magical power (on tentacle)
 I - a ring of willpower (on tentacle)
 J - the ring "Alezxaug" (on tentacle) {rC+ Int+4}
   (You found it on level 1 of the Lair of Beasts)

   [ring of protection from cold]

   Int:       It affects your intelligence (+4).
   rC:        It protects you from cold.
 S - a ring of see invisible (on tentacle)
Wands
 f - a wand of iceblast (16)
 n - a wand of flame (52)
 F - a wand of digging (8)
 M - a wand of acid (5)
Scrolls
 e - 5 scrolls of fear
 m - 9 scrolls of teleportation
 u - 3 scrolls of holy word
 y - 3 scrolls of enchant armour
 D - 3 scrolls of enchant weapon
 G - 2 scrolls of amnesia
 K - 2 scrolls of fog
 O - a scroll of brand weapon
 P - a scroll of silence
 Q - a scroll of identify
 T - a scroll of acquirement {unknown}
Potions
 c - 5 potions of brilliance
 d - a potion of mutation
 i - 2 potions of heal wounds
 j - 4 potions of curing
 o - 4 potions of berserk rage
 p - 5 potions of might
 r - 2 potions of attraction
 z - 4 potions of lignification
 A - a potion of cancellation
 C - a potion of ambrosia
 H - 3 potions of haste


   Skills:
 + Level 7.8 Fighting
 - Level 6.0 Dodging
 - Level 9.0 Stealth
 - Level 5.0 Shields
 * Level 12.3 Spellcasting
 * Level 13.7 Conjurations
 - Level 9.0 Hexes
 - Level 9.0 Translocations
 + Level 9.1 Fire Magic
 * Level 4.8 Air Magic
 + Level 9.1 Earth Magic


You had 4 spell levels left.
You knew the following spells:

 Your Spells              Type           Power      Damage    Failure   Level
a - Magic Dart            Conj           100%       1d8       0%          1
b - Searing Ray           Conj           100%       2d8       0%          2
c - Fulminant Prism       Conj/Hex       43%        3d20      1%          4
d - Iskenderun's Mystic   Conj/Tloc      86%        2d17      1%          4
e - Fireball              Conj/Fire      43%        3d17      1%          5
f - Iron Shot             Conj/Erth      43%        9d8       1%          6
g - Conjure Ball Lightni  Conj/Air       39%        3x3d13    1%          6
h - Orb of Destruction    Conj           47%        9d12      1%          7

Your spell library contained the following spells:

 Spells                   Type           Power      Damage    Failure   Level
 Eringya's Noxious Bog    Tmut/Pois      12%        N/A       54%         6
 Apportation              Tloc           100%       N/A       1%          1
 Sandblast                Erth           100%       2d20      1%          1
 Shock                    Conj/Air       100%       1d9       1%          1
 Sting                    Tmut/Pois      96%        1d7       1%          1
 Passwall                 Tmut/Erth      47%        N/A       1%          2
 Conjure Flame            Conj/Fire      86%        6-21      1%          3
 Dazzling Flash           Conj/Hex       100%       N/A       1%          3
 Gell's Gravitas          Tloc           77%        N/A       1%          3
 Ignite Poison            Fire/Tmut/Pois 49%        N/A       1%          3
 Lesser Beckoning         Tloc           77%        N/A       1%          3
 Stone Arrow              Conj/Erth      100%       3d13      1%          3
 Swiftness                Air            59%        N/A       1%          3
 Teleport Other           Tloc           77%        N/A       1%          3
 Airstrike                Air            29%        N/A       1%          4
 Passage of Golubria      Tloc           77%        N/A       1%          4
 Sticky Flame             Conj/Fire      86%        2d10      1%          4
 Anguish                  Hex/Necr       28%        N/A       2%          4
 Summon Ice Beast         Ice/Summ       24%        N/A       17%         4
 Freezing Cloud           Conj/Ice/Air   32%        6-21      1%          5
 Iskenderun's Battlesphe  Conj           94%        2d14      1%          5
 Starburst                Conj/Fire      43%        6d12      1%          6
 Silence                  Hex/Air        34%        N/A       2%          5
 Summon Mana Viper        Hex/Summ       57%        N/A       8%          5
 Lehudib's Crystal Spear  Conj/Erth      43%        10d10     26%         8
 Statue Form              Tmut/Erth      38%        N/A       38%         6
 Agony                    Necr           24%        N/A       43%         5
 Alistair's Intoxication  Tmut/Pois      16%        N/A       43%         5
 Blade Hands              Tmut           12%        N/A       43%         5
 Ignition                 Fire           39%        3d12      54%         8
 Simulacrum               Ice/Necr       12%        N/A       95%         6
 Storm Form               Tmut/Air       22%        N/A       99%         7
 Monstrous Menagerie      Summ           12%        N/A       100%        7
 Necromutation            Tmut/Necr      12%        N/A       100%        8
 Polar Vortex             Ice            12%        N/A       100%        9
 Animate Armour           Summ/Erth      Unusable   N/A       N/A         4

Dungeon Overview and Level Annotations

Branches:
Dungeon (15/15)            Temple (1/1) D:6            Lair (6/6) D:9
 Shoals (0/4) Lair:2       Spider (0/4) Lair:3        Slime (0/5) Lair:6
    Orc (2/2) D:12            Elf (0/3) Orc:2        Vaults (0/5) D:13
 Depths (0/4) D:15         Bailey (visited)         Gauntlet (1/1)

Altars:
Ashenzari
Cheibriados
Dithmenos
Elyvilon
Fedhas
Gozag
Hepliaklqana
Kikubaaqudgha
Makhleb
Nemelex Xobeh
Okawaru
Qazlal
Ru
Sif Muna
Trog
Uskayaw
Vehumet
Wu Jian
Xom
Yredelemnul
Zin
The Shining One
Beogh

Shops:
D:3 (   D:5 ?   D:8 [!:**   D:13 =   D:14 =   Orc:2 (*(:

Portals:
Hell: Lair:6
Trove: D:13 (give +4 demon trident)

Annotations:
D:11 2 transporters, drbro's ghost, journeyman FoFi
Lair:1 4 transporters, hitsuchi's ghost, novice DgCj
Lair:2 3 runed translucent doors, exclusion: 3 doors, Ugotife's ghost, journeyman OpEE
Lair:5 1 runed translucent door, exclusion: door, Bolunijamo's ghost, journeyman GnFi Gauntlet 8 transporters


Innate Abilities, Weirdness & Mutations

You cannot wear most types of armour.
You are amphibious.
You can wear up to eight rings at the same time.
Your skin changes colour to match your surroundings (Stealth+).
Your rubbery body absorbs attacks. (AC +1, EV +1)
((You are camouflaged when in or above water. (Stealth+)))
You have tentacles for arms and can constrict up to eight enemies at once.


Message History

Your ball lightning completely resists.
The blast of lightning engulfs you! You resist.
* * * LOW HITPOINT WARNING * * *
The blast of lightning engulfs the minotaur.
The minotaur resists.
The minotaur is lightly wounded.
The blast of lightning engulfs your ball lightning.
Your ball lightning completely resists.
You swap places.
You hear a clap of thunder!
The blast of lightning engulfs your ball lightning.
Your ball lightning completely resists.
The blast of lightning engulfs you! You resist.
* * * LOW HITPOINT WARNING * * *
You hear a clap of thunder!
The blast of lightning engulfs you! You resist.
* * * LOW HITPOINT WARNING * * *
Casting: Conjure Ball Lightning (dangerous; 1% risk of failure)
Confirm with . or Enter, or press ? or * to list all spells.
Aiming: Fulminant Prism (safe; 1% risk of failure)
Press: ? - help, Dir - move target You conjure a prism of explosive energy!
A fulminant prism comes into view.
Your fulminant prism crackles loudly.
The minotaur hits your fulminant prism with a staff of air!
Your fulminant prism is electrocuted.
The minotaur gores your fulminant prism.
Your fulminant prism explodes!
The blast of energy engulfs the minotaur!!
The minotaur is heavily wounded.
Casting: Fulminant Prism (safe; 1% risk of failure)
Confirm with . or Enter, or press ? or * to list all spells.
Aiming: Fulminant Prism (safe; 1% risk of failure)
Press: ? - help, Dir - move target You conjure a prism of explosive energy!
A fulminant prism comes into view.
The minotaur throws a silver javelin.
The silver javelin pierces through your fulminant prism!
The silver javelin pierces through you!!!
You die...

#.# ##'### #.⌠..# #...⌠+ +⌠H..
..∩ #.# #######H#######
#.@.*.........# #.###.###.###.#
#.............# ###.###.###.###
#####.###.###.#####
#≈...............§# ### ###
####8.8.8..©.©..8.8.8### #8# #8#
#8##§...............≈##8
#################################


You could see a minotaur (ally target) and a friendly fulminant prism.

Vanquished Creatures
  Roxanne (D:14)
  An entropy weaver (Gauntlet)
  3 dire elephants
  Josephine (D:11)
  2 boulder beetles
  9 hydras
  A catoblepas (Lair:2)
  A ghost crab (Gauntlet)
  19 two-headed ogres
  Erica (Lair:2)
  3 centaur warriors
  5 ogre magi
  A death knight (D:14)
  4 death yaks (Lair:6)
  Sonja (Lair:6)
  A sun demon (Lair:6)
  A wizard (Lair:6)
  Pikel (D:6)
  An orc knight (Orc:2)
  2 deep elf pyromancers
  An orc sorcerer (Orc:2)
  A faun (Lair:5)
  A manticore (D:13)
  3 ugly things (D:14)
  3 cyclopes
  25 elephants
  4 black mambas
  14 cane toads
  2 gargoyles
  An orange demon (Lair:6)
  A torpor snail (Lair:6)
  An unseen horror (D:12)
  Psyche (D:8)
  An efreet (D:13)
  5 rime drakes
  2 freezing wraiths (D:14)
  8 komodo dragons
  A kobold demonologist (D:11)
  3 ice devils (Lair:6)
  A hellwing (Lair:6)
  3 trolls
  2 red devils (Lair:6)
  A queen bee (shapeshifter) (D:13)
  Prince Ribbit (D:8)
  3 polar bears
  28 blink frogs
  A centaur simulacrum (D:14)
  A jumping spider (Gauntlet)
  A spriggan (Lair:2)
  A water elemental (D:13)
  A shadow (D:12)
  42 yaks
  6 wyverns
  7 wraiths
  4 basilisks
  A redback (Gauntlet)
  2 steam dragons
  Edmund (D:6)
  15 vampire mosquitoes
  4 wargs
  4 hell hounds (Lair:6)
  2 acid dragons
  22 water moccasins
  17 orc warriors
  A sky beast (D:6)
  A hornet zombie (D:7)
  2 black bears
  31 ogres
  3 boggarts (D:15)
  55 wolves
  8 centaurs
  2 phantoms (D:5)
  A lemure (D:6)
  8 kobold brigands
  24 bullfrogs
  Blork the orc (D:6)
  A gnoll sergeant (D:10)
  6 scorpions
  A wyvern skeleton (D:7)
  A water moccasin skeleton (D:4)
  9 killer bees
  3 wights (D:8)
  6 howler monkeys
  6 electric eels
  A lava snake (D:10)
  3 centaur zombies
  8 jellies
  17 orc priests
  A gnoll shaman (D:8)
  2 hounds
  A centaur skeleton (D:5)
  Jessica (D:2)
  An iguana (D:6)
  22 orc wizards
  Natasha (thrice) (D:4)
  14 gnolls
  6 adders
  An adder skeleton (D:4)
  5 worms
  A dart slug (D:4)
  100 orcs
  8 endoplasms
  6 giant cockroaches
  11 goblins
  3 hobgoblins
  2 jackals (D:1)
  26 kobolds
  5 quokkas
  12 ball pythons
  8 bats
  4 frilled lizards
  10 rats
760 creatures vanquished.

Vanquished Creatures (collateral kills)
  4 ball lightnings
4 creatures vanquished.

Vanquished Creatures (others)
  74 ball lightnings
  440 fulminant prisms
  204 fungi
  180 plants
  19 withered plants (Gauntlet)
917 creatures vanquished.

Grand Total: 1681 creatures vanquished

Notes
Turn   | Place    | Note
-------+----------+-------------------------------------------
     0 | D:1      | KamiKatze the Octopode Conjurer began the quest for the
                  | Orb.
     0 | D:1      | Reached XP level 1. HP: 11/11 MP: 3/3
   180 | D:1      | Reached XP level 2. HP: 17/17 MP: 0/5
   331 | D:1      | Learned a level 2 spell: Searing Ray
   502 | D:1      | Reached XP level 3. HP: 21/21 MP: 3/6
   517 | D:1      | Reached skill level 1 in Hexes
   561 | D:1      | Found a faded altar of an unknown god.
   570 | D:1      | Reached skill level 1 in Translocations
   691 | D:2      | Noticed Jessica
   710 | D:2      | Killed Jessica
   711 | D:2      | Reached XP level 4. HP: 27/27 MP: 3/7
   792 | D:2      | Identified the +8 rapier of Pestilence {venom, rC++ Int+3}
   939 | D:2      | Learned a level 4 spell: Fulminant Prism
  1227 | D:2      | Reached XP level 5. HP: 31/31 MP: 8/8
  1986 | D:3      | Found Fumm's Weapon Boutique.
  2188 | D:3      | Reached XP level 6. HP: 36/36 MP: 5/10
  2279 | D:3      | Learned a level 4 spell: Iskenderun's Mystic Blast
  2793 | D:4      | Reached skill level 5 in Conjurations
  2793 | D:4      | Reached XP level 7. HP: 41/41 MP: 2/12
  2847 | D:4      | Noticed Natasha
  3152 | D:4      | Found a glowing silver altar of Zin.
  3279 | D:4      | Killed Natasha
  3398 | D:4      | Noticed Natasha
  3403 | D:4      | Killed Natasha
  3485 | D:4      | Noticed Natasha
  3491 | D:4      | Killed Natasha
  3617 | D:5      | Entered Level 5 of the Dungeon
  3747 | D:5      | Reached XP level 8. HP: 46/46 MP: 7/14
  4090 | D:5      | Found Kocyddyu's Magic Scroll Boutique.
  4358 | D:5      | Reached skill level 6 in Conjurations
  4813 | D:6      | Noticed Blork the orc
  4885 | D:6      | Killed Blork the orc
  4917 | D:6      | Found a bloodstained altar of Trog.
  4923 | D:6      | Found a sacrificial altar of Ru.
  4963 | D:6      | Noticed Pikel
  5036 | D:5      | Reached skill level 5 in Spellcasting
  5036 | D:5      | Reached skill level 5 in Hexes
  5036 | D:5      | Reached skill level 5 in Translocations
  5270 | D:6      | Noticed Edmund
  5282 | D:6      | Killed Edmund
  5380 | D:6      | Found a staircase to the Ecumenical Temple.
  5389 | Temple   | Entered the Ecumenical Temple
  5647 | Temple   | Became a worshipper of Vehumet
  5754 | D:6      | Killed Pikel
  5755 | D:6      | Reached skill level 7 in Conjurations
  5755 | D:6      | Reached XP level 9. HP: 51/51 MP: 4/17
  6163 | D:6      | Got the Tome of Dark Secrets and Stones
  6170 | D:6      | Learned a level 5 spell: Fireball
  6477 | D:7      | Found a flagged portal.
  6510 | Bailey   | Entered a bailey
  6583 | Bailey   | Reached * piety under Vehumet
  6583 | Bailey   | Offered knowledge of Freeze by Vehumet.
  6587 | Bailey   | Reached skill level 1 in Fire Magic
  7127 | Bailey   | Found a bloodstained altar of Trog.
  7685 | D:7      | Reached XP level 10. HP: 51/56 MP: 16/19
  7846 | D:7      | Identified the +4 rapier of Ciad {flame, rElec rC- Int+8
                  | Dex-3}
  7895 | D:6      | Reached skill level 8 in Conjurations
  8432 | D:8      | Found Kiuf's Book Boutique.
  8436 | D:8      | Noticed Prince Ribbit
  8438 | D:8      | Bought a book of Iron for 504 gold pieces
  8482 | D:8      | Killed Prince Ribbit
  8753 | D:8      | Noticed Psyche
  8817 | D:8      | Killed Psyche
  8984 | D:8      | Found Ozuquin's Assorted Antiques.
  9086 | D:8      | Found Osuakhlaita's Antique Armour Boutique.
  9089 | D:8      | Found Dyaqesoc's Distillery.
  9100 | D:8      | Bought a potion of degeneration for 12 gold pieces
  9125 | D:8      | Bought a scroll labelled ZIGIATSUNK for 23 gold pieces
  9125 | D:8      | Bought a fuming red potion for 20 gold pieces
  9125 | D:8      | Bought a coppery potion for 20 gold pieces
  9175 | D:8      | Found Daehoiw's Assorted Antiques.
  9183 | D:8      | Bought a blue potion for 18 gold pieces
  9183 | D:8      | Bought a lumpy cabochon amulet for 105 gold pieces
  9378 | D:9      | Offered knowledge of Static Discharge by Vehumet.
  9379 | D:9      | Reached ** piety under Vehumet
  9636 | D:9      | Reached skill level 1 in Fighting
  9997 | D:9      | Found a staircase to the Lair.
 10099 | D:9      | Noticed an angel
 10100 | D:9      | Found a glowing silver altar of Zin.
 10191 | D:9      | Reached skill level 5 in Fire Magic
 10201 | D:9      | Learned a level 6 spell: Iron Shot
 10366 | D:9      | Offered knowledge of Mephitic Cloud by Vehumet.
 10639 | D:10     | Entered Level 10 of the Dungeon
 10826 | D:10     | Reached XP level 11. HP: 63/63 MP: 15/22
 10963 | D:10     | Reached skill level 9 in Conjurations
 10963 | D:10     | Reached skill level 1 in Earth Magic
 10971 | D:10     | Reached *** piety under Vehumet
 11364 | D:10     | Found a burning altar of Makhleb.
 11364 | D:10     | Noticed a green death
 11410 | D:10     | Found a shadowy altar of Dithmenos.
 11412 | D:10     | Found a white marble altar of Elyvilon.
 11544 | D:10     | Found a hazy altar of Hepliaklqana.
 11606 | Lair:1   | Entered Level 1 of the Lair of Beasts
 11727 | Lair:1   | Noticed a six-headed hydra
 11999 | D:11     | Offered knowledge of Frozen Ramparts by Vehumet.
 12076 | D:11     | Found a transporter.
 12087 | D:11     | Noticed drbro's ghost (journeyman FoFi)
 12138 | D:11     | Noticed Josephine
 12180 | D:11     | Killed Josephine
 12323 | D:11     | Reached skill level 5 in Stealth
 12815 | D:11     | Reached **** piety under Vehumet
 12900 | D:11     | Found a transporter.
 13053 | D:12     | Found a staircase to the Orcish Mines.
 13096 | D:12     | Offered knowledge of Inner Flame by Vehumet.
 13509 | D:12     | Noticed a four-headed hydra
 13774 | D:12     | Killed a four-headed hydra
 13775 | D:12     | Reached XP level 12. HP: 72/72 MP: 13/24
 14264 | D:12     | Noticed a two-headed ogre
 14274 | D:12     | Killed a two-headed ogre
 14275 | D:12     | Reached skill level 10 in Conjurations
 14318 | D:12     | Noticed a seven-headed hydra
 14323 | D:12     | Killed a seven-headed hydra
 14712 | Orc:1    | Entered Level 1 of the Orcish Mines
 14884 | Orc:1    | Reached ***** piety under Vehumet
 14922 | Orc:1    | Offered knowledge of Flame Wave by Vehumet.
 15092 | Orc:1    | Noticed a two-headed ogre
 15095 | Orc:1    | Killed a two-headed ogre
 15096 | Orc:1    | Reached skill level 5 in Dodging
 15498 | Orc:2    | Entered Level 2 of the Orcish Mines
 15546 | Orc:2    | Noticed an ogre mage
 15704 | Orc:2    | Killed an ogre mage
 15722 | Orc:2    | Noticed a two-headed ogre
 15726 | Orc:2    | Killed a two-headed ogre
 15727 | Orc:2    | Reached skill level 5 in Earth Magic
 15728 | Orc:2    | Noticed a two-headed ogre
 15735 | Orc:2    | Killed a two-headed ogre
 15878 | Orc:2    | Noticed a two-headed ogre
 15882 | Orc:2    | Killed a two-headed ogre
 15902 | Orc:2    | Noticed a two-headed ogre
 15905 | Orc:2    | Noticed a two-headed ogre
 15906 | Orc:2    | Killed a two-headed ogre
 15907 | Orc:2    | Reached XP level 13. HP: 79/79 MP: 5/26
 16734 | Orc:2    | Reached skill level 11 in Conjurations
 16767 | Orc:2    | Paralysed by an ogre mage for 7 turns
 17179 | Orc:2    | Found Uzyeghass's Weapon Shop.
 17179 | Orc:2    | Found Boima's Book Shoppe.
 17180 | Orc:2    | Found Hinit's Weapon Emporium.
 17180 | Orc:2    | Found Tamaolic's General Store.
 17214 | Orc:2    | Reached skill level 5 in Fighting
 17240 | Orc:2    | Bought a book of Ice for 828 gold pieces
 17292 | Orc:2    | Found a staircase to the Elven Halls.
 17796 | Orc:2    | Bought a ring of willpower for 450 gold pieces
 18065 | D:13     | Found Wutuj's Jewellery Shoppe.
 18853 | D:13     | Found a portal to a secret trove of treasure.
 19087 | D:13     | Reached skill level 10 in Spellcasting
 19226 | D:13     | Reached XP level 14. HP: 88/88 MP: 27/28
 19257 | D:13     | Found a gate to the Vaults.
 20488 | Lair:1   | Identified the ring "Alezxaug" {rC+ Int+4}
 20521 | Lair:1   | Found a transporter.
 20549 | Lair:1   | Found a transporter.
 20559 | Lair:1   | Noticed hitsuchi's ghost (novice DgCj)
 20572 | Lair:1   | Found a transporter.
 20627 | Lair:1   | Found a radiant altar of Vehumet.
 20824 | Lair:1   | Found a transporter.
 21483 | Lair:2   | Offered knowledge of Irradiate by Vehumet.
 21658 | Lair:2   | Learned a level 7 spell: Orb of Destruction
 22178 | Lair:2   | Found a runed translucent gate.
 22178 | Lair:2   | Found a runed translucent gate.
 22178 | Lair:2   | Found a runed translucent gate.
 22210 | Lair:2   | Noticed Erica
 22218 | Lair:2   | Killed Erica
 22232 | Lair:2   | Reached skill level 12 in Conjurations
 22428 | Lair:2   | Noticed a dire elephant
 22447 | Lair:2   | Killed a dire elephant
 22448 | Lair:2   | Reached skill level 1 in Shields
 22489 | Lair:2   | Noticed Ugotife's ghost (journeyman OpEE)
 22757 | Lair:2   | Found a staircase to the Shoals.
 24284 | Lair:3   | Found a hole to the Spider Nest.
 24673 | Lair:4   | Reached XP level 15. HP: 93/95 MP: 20/30
 25358 | Lair:4   | Found a hide-covered altar of Uskayaw.
 26034 | Lair:5   | Found a runed translucent door.
 26036 | Lair:5   | Noticed Bolunijamo's ghost (journeyman GnFi)
 26272 | Lair:5   | Offered knowledge of Spellforged Servitor by Vehumet.
 26538 | Lair:5   | Learned a level 6 spell: Conjure Ball Lightning
 27015 | Lair:6   | Entered Level 6 of the Lair of Beasts
 27060 | Lair:6   | Reached skill level 1 in Air Magic
 27338 | Lair:6   | Reached ****** piety under Vehumet
 27482 | Lair:6   | Reached skill level 13 in Conjurations
 27580 | Lair:6   | Noticed Sonja
 27582 | Lair:6   | Killed Sonja
 28047 | Lair:6   | Offered knowledge of Eringya's Noxious Bog by Vehumet.
 28528 | Lair:6   | Found a staircase to the Slime Pits.
 28925 | Lair:6   | Reached skill level 5 in Shields
 29307 | Lair:6   | Found a burning altar of Makhleb.
 29313 | Lair:6   | Found a gateway to Hell.
 29329 | Lair:6   | Identified the +2 leather armour "Hanweub" {rF+ Int+4}
 29812 | D:14     | Identified Roxanne's Guide on Changing
 29812 | D:14     | Noticed Roxanne
 29868 | D:14     | Reached XP level 16. HP: 45/103 MP: 11/32
 30274 | D:14     | Found Boxziud's Jewellery Shoppe.
 30280 | D:14     | Bought a ring of see invisible for 240 gold pieces
 30594 | D:14     | Killed Roxanne
 30903 | D:15     | Entered Level 15 of the Dungeon
 31001 | D:15     | Found a staircase to the Depths.
 31003 | D:15     | Found a gate leading to a gauntlet.
 31012 | Gauntlet | Entered a Gauntlet
 31012 | Gauntlet | Found the +2 cloak of the Thief {*Fog Slay-2 SInv Stlth+}
 31012 | Gauntlet | Found a transporter.
 31012 | Gauntlet | Found a transporter.
 31013 | Gauntlet | Found a transporter.
 31022 | Gauntlet | Found a transporter.
 31055 | Gauntlet | Found a transporter.
 31064 | Gauntlet | Found a transporter.
 31078 | Gauntlet | Found a transporter.
 31093 | Gauntlet | Found a transporter.
 31101 | Gauntlet | Found a transporter.
 31178 | Gauntlet | Found a transporter.
 31178 | Gauntlet | Found a transporter.
 31189 | Gauntlet | Found a transporter.
 31408 | Gauntlet | Got Roxanne's Incunabulum of the Shifting Mountains
 31459 | Gauntlet | Hit by a silver javelin thrown by a minotaur

Illustrated notes

Levels and vault maps discovered:
D:1:      amcnicky_arrival_feature_with_door, layout_rooms,
          hellmonk_ecumenical_altar_leap_of_faith, eino_curves_04,
          minmay_ruptured
D:2:      layout_rooms, serial_corexii_hall, chequers_hall_statues_wall_a,
          corexii_hall_statues_deadend, minmay_close_crescents, uniq_jessica
D:3:      layout_loops_corners, serial_shops, nicolae_shop_bloodbath_and_beyond
D:4:      layout_rooms, enter_ossuary_1, corexii_checkpoint_a,
          minmay_misc_feat_roman, kennysheep_small_circle, uniq_natasha
D:5:      layout_loops_ring, serial_shops, nicolae_shop_trees,
          serial_park_tiny_2
D:6:      layout_rooms, mainiacjoe_overflow_catwalk_spiral,
          minmay_temple_entry_ruins, uniq_pikel, uniq_edmund, uniq_blork_the_orc
D:7:      layout_basic, enter_bailey_4
D:8:      layout_rooms, serial_shops, kennysheep_mini, shop,
          nicolae_shop_behind_doors, shop, nicolae_square_shop, uniq_psyche,
          uniq_prince_ribbit1
D:9:      layout_irregular_city, zin_angel, due_lair_maze_entry_diamond
D:10:     layout_cave_pools, makhleb_altar_promises_db,
          nicolae_hepliaklqana_hippocampus, gammafunk_temple_overflow_statue,
          kennysheep_generic_room_4
D:11:     layout_long_grid, gammafunk_ghost_stat_death, uniq_josephine
D:12:     layout_basic, orc_0_dummy, minivault_11
D:13:     layout_rooms, david_vaults_2, serial_co_window_serial,
          co_window_of_opportunity_a, co_window_corner_a, co_window_paths_b,
          co_window_of_opportunity_a, co_window_paths_a, co_window_broadway_a,
          co_window_of_opportunity_b, co_window_broadway_b,
          co_window_unsneaky_path_d, co_window_2corner,
          co_window_unsneaky_path_e, co_window_paths_d, glass_columns_c,
          glass_columns_b, enter_trove_1, nicolae_inconvenience_store
D:14:     layout_loops_ring, solitary_fountain, serial_shops,
          nicolae_shop_hallway_plus, uniq_roxanne
D:15:     gammafunk_depths_entry_grave, layout_basic, gauntlet_entry_generic,
          elyvilon_altar_5
Temple:   regret_index_temple_generic_petals
Lair:1:   gammafunk_cloud_chamber, layout_misc_corridors,
          gammafunk_ghost_berserking_beasts, basic_altar,
          nicolae_quartered_pool_medium, chequers_serial_rivers_micro_d,
          serial_bayou_shore_a
Lair:2:   mu_elephants_graveyard, layout_layer_cave,
          minmay_shoals_entry_centaurs, ebering_ghost_rock_garden,
          nicolae_lair_grove_arrangements, uniq_erica
Lair:3:   layout_long_grid, nicolae_spider_entry_non_spiders
Lair:4:   layout_cave_pods, basic_altar, serial_bayou_shore_b
Lair:5:   layout_regular_city, ebering_ghost_inner_flame,
          grunt_forest_large_clearings
Lair:6:   evil_forest, layout_regular_city, nicolae_slime_entry_slimehenge,
          uniq_sonja
Orc:1:    layout_diamond_mine, basic_altar, mines2_david
Orc:2:    st_orc_ogre_mass, layout_caves, basic_altar, lightli_orcish_oven
Gauntlet: gammafunk_gauntlet_shortcut [nicolae_gauntlet_arena_blocks,
          nicolae_gauntlet_arena_t_cross, nicolae_gauntlet_arena_x,
          nicolae_gauntlet_arena_grate_2, gammafunk_gauntlet_arena_hedges,
          gammafunk_gauntlet_arena_teeth, gauntlet_exit_hidden_loot]

Skill      XL: |  1  2  3  4  5  6  7  8  9 10 11 12 13 14 15 |
---------------+----------------------------------------------+-----
Stealth        | 3 4 5 7 8 9 |  9.0
Hexes          | 1 2 3 4 5 6 7 8 9 |  9.0
Translocations | 1 2 3 4 5 6 7 8 9 |  9.0
Spellcasting   | 3 4 5 6 7 8 9 10 11 12 | 12.3
Dodging        | 3 4 5 6 |  6.0
Conjurations   | 5 7 8 9 10 11 12 13 | 13.7
Fire Magic     | 2 5 6 7 8 9 |  9.1
Fighting       | 1 2 4 5 6 7 |  7.8
Earth Magic    | 3 5 7 8 9 |  9.1
Shields        | 3 5 |  5.0
Air Magic      | 4 |  4.8

Action                   |  1- 3 |  4- 6 |  7- 9 | 10-12 | 13-15 | 16-18 || total
-------------------------+-------+-------+-------+-------+-------+-------++-------
Melee: Whip              |    12 |     1 |       |       |       |       ||    13
       Constrict         |     5 |     5 |    15 |     4 |     2 |       ||    31
       Tentacles         |     4 |     5 |     8 |     2 |     1 |       ||    20
       Punch             |     1 |     1 |     2 |       |       |       ||     4
       Rapier            |       |    43 |    56 |    16 |     6 |       ||   121
       Staff             |       |       |     4 |     3 |       |       ||     7
 Cast: Magic Dart        |    37 |    50 |    56 |    36 |    15 |       ||   194
       Searing Ray       |     1 |    10 |    20 |    14 |    15 |       ||    60
       Fulminant Prism   |       |     2 |    44 |   142 |   235 |    18 ||   441
       Iskenderun's Myst |       |       |     6 |    61 |    73 |     2 ||   142
       Fireball          |       |       |       |    34 |    64 |     4 ||   102
       Iron Shot         |       |       |       |       |    48 |    10 ||    58
       Orb of Destructio |       |       |       |       |    44 |       ||    44
       Conjure Ball Ligh |       |       |       |       |    24 |     9 ||    33
  Use: Scroll            |       |     4 |     9 |     8 |     6 |     1 ||    28
       Potion            |       |       |     3 |       |       |       ||     3
 Stab: Sleeping          |       |     3 |       |       |       |       ||     3
Armor: Skin              |       |     6 |     6 |     4 |       |     1 ||    17
Dodge: Dodged            |     7 |    28 |    72 |    51 |    35 |     4 ||   197
Block: Buckler           |       |       |       |       |     6 |     1 ||     7
